 Dungeon Sprint DCSS version 0.18.1-50-g88ac8fd (webtiles) character file.

1371 Kagutsuchi the Fighter (level 8, -19/83 HPs)
             Began as a Pale Draconian Berserker on Oct 21, 2016.
             Was an Initiate of Jiyva.
             Shot with a bolt by a yaktaur (23 damage)
             ... in the Dungeon (Sprint II: "The Violet Keep of Menkaure").
             The game lasted 00:04:33 (264 turns).

Kagutsuchi the Fighter (Pale Draconian Berserker)    Turns: 264, Time: 00:04:34

Health: -19/83     AC:  6    Str: 19    XL:     8   Next: 38%
Magic:  8/8        EV: 18    Int:  8    God:    Jiyva [......]
Gold:   354        SH:  0    Dex: 13    Spells: 0 memorised, 7 levels left

rFire  . . .     SeeInvis .     a - +0 falchion
rCold  . . .     Gourm    .     (armour unavailable)
rNeg   . . .     Faith    .     (no shield)
rPois  .         Spirit   .     (helmet restricted)
rElec  .         Dismiss  .     (no cloak)
rCorr  .         Reflect  .     (no gloves)
SustAt .         Harm     .     (no boots)
MR     .....     NoTele   +     (no amulet)
Stlth  +.........               (no ring)
                                (no ring)

@: short of breath, very slightly contaminated, not resistant to hostile
enchantments, very unstealthy
A: breathe steam, unfitting armour, cold-blooded, AC +6
a: Breathe Steam, Renounce Religion


You were in the Dungeon.
You worshipped Jiyva.
Jiyva was noncommittal.
You were not hungry.

You visited 1 branch You collected 486 gold pieces.
You spent 132 gold pieces at shops.

Inventory:

Hand Weapons
 a - a +0 falchion (weapon)
Potions
 e - a potion of haste
 f - 2 potions of magic
 g - a potion of berserk rage
Comestibles
 b - a bread ration


   Skills:
 + Level 11.8 Fighting
 + Level 11.2 Long Blades
 + Level 10.4 Dodging


You had 7 spell levels left.
You didn't know any spells.

Dungeon Overview and Level Annotations

Branches:
Dungeon (1/1)

Altars:
Cheibriados
Dithmenos
Elyvilon
Fedhas
Gozag
Kikubaaqudgha
Makhleb
Nemelex Xobeh
Okawaru
Pakellas
Qazlal
Ru
Sif Muna
Trog
Vehumet
Xom
Yredelemnul
Zin
The Shining One
Beogh
Jiyva
Lugonu

Shops:
D :([[([!%}!?!==*:

Annotations:
D exclusions: ice statue, obsidian statue and oklob plant


Innate Abilities, Weirdness & Mutations

You can breathe blasts of scalding, opaque steam.
Your pale cyan-grey scales are hard (AC +6).
Your body does not fit into most forms of armour.
You are cold-blooded and may be slowed by cold attacks.


Message History

Your Dodging skill increases to level 10!
The polar bear barely misses you.
The polar bear claws you but does no damage.
The polar bear completely misses you.
Drink which item? (? for menu, Esc to quit)
Okay, then.
Read which item? (? for menu, Esc to quit)
Blink to where?
Press: ? - help, Dir - move target cursor, p - yaktaur There's something in the way.
Okay, then.
Read which item? (? for menu, Esc to quit)
Blink to where?
Press: ? - help, Dir - move target cursor You are very lightly contaminated with residual magic.
As you read the scroll of blinking, it crumbles to dust.
The jelly closely misses the polar bear.
The yaktaur shoots a bolt.
The bolt barely misses you.
The yaktaur shoots a bolt.
The bolt hits you!!
You die...

§§.§§....## .§§8§.§..##++#
§.§.§.. ...### # §... ....#
#+++#+++## ...# .........# ..#
≈.##'##..# #.# ≈##...## # +(###
≈#..#..# #@..# ###.).## ##..# $#
. ##'## #..# +..# .#▓$?![$![(▓
.B##.#### #..# #..# .#▓$%[)$(()▓
#+.<.'.##+..####..##§#▓%$[%([(%
B.##.##.†.#..§§###...##▓▓▓▓▓▓▓+
. #†###.##......≈hc≈§≈≈≈≈≈≈≈≈.
###.#.####≈§.....≈#†########+###
≈#..
..#≈≈≈§≈≈§..≈#§†J.._._#§§≈##


You could see a polar bear and a yaktaur.

Vanquished Creatures
  A siren (D)
  2 polar bears (D)
  Menkaure (D)
  A wasp (D)
  4 necrophages (D)
  A crocodile (D)
  2 worms (D)
12 creatures vanquished.

Notes
Turn   | Place    | Note
--------------------------------------------------------------
     0 | D        | Kagutsuchi the Draconian Berserker began the quest for the Orb.
     0 | D        | Reached XP level 1. HP: 19/19 MP: 1/1
     1 | D        | Noticed a siren
    23 | D        | Killed a siren
    23 | D        | Reached XP level 2. HP: 37/37 MP: 2/2
    23 | D        | Reached XP level 3. HP: 42/42 MP: 3/3
    23 | D        | Reached XP level 4. HP: 50/50 MP: 4/4
    23 | D        | Reached XP level 5. HP: 57/57 MP: 5/5
    23 | D        | Reached XP level 6. HP: 63/63 MP: 6/6
    32 | D        | Reached ** piety under Trog
    57 | D        | Reached skill level 10 in Fighting
    57 | D        | Your scales start taking on a pale cyan-grey colour.
    57 | D        | Reached XP level 7. HP: 71/71 MP: 7/7
    71 | D        | Reached skill level 10 in Long Blades
    76 | D        | Noticed a boulder beetle
    76 | D        | Noticed a boulder beetle
    87 | D        | Noticed an ice statue
    89 | D        | Noticed Menkaure
    96 | D        | Killed Menkaure
    97 | D        | Reached *** piety under Trog
    99 | D        | Found Cocix's Jewellery Shop.
    99 | D        | Found Zoeme's Assorted Antiques.
   100 | D        | Found Xaingawain's Magic Scroll Shop.
   100 | D        | Found Ezaezxi's Distillery.
   101 | D        | Found Awnim's Distillery.
   101 | D        | Found Nukegaq's Food Shop.
   101 | D        | Found Oneirghe's Gadget Boutique.
   101 | D        | Found Ceiv's Distillery.
   102 | D        | Found Bots's Book Shop.
   102 | D        | Found Axet's Jewellery Boutique.
   104 | D        | Found Qienarph's Antique Armour Boutique.
   104 | D        | Found Macrirhiomu's Weapon Shop.
   104 | D        | Found Guagrici's Antique Armour Boutique.
   105 | D        | Found Fajaurph's Antique Weapon Boutique.
   105 | D        | Found Catewen's Armour Shop.
   107 | D        | Noticed a great orb of eyes
   112 | D        | Noticed an oklob plant
   113 | D        | Found Vieczoge's Book Shoppe.
   119 | D        | Bought a potion of heal wounds for 60 gold pieces
   119 | D        | Bought a potion of curing for 36 gold pieces
   119 | D        | Bought a potion of curing for 36 gold pieces
   160 | D        | Noticed an orange crystal statue
   174 | D        | Found a white marble altar of Elyvilon.
   174 | D        | Found a burning altar of Makhleb.
   175 | D        | Found a viscous altar of Jiyva.
   175 | D        | Found an ancient bone altar of Kikubaaqudgha.
   175 | D        | Found a shimmering altar of Xom.
   176 | D        | Found a roughly hewn altar of Beogh.
   176 | D        | Found a glowing golden altar of the Shining One.
   176 | D        | Found a corrupted altar of Lugonu.
   177 | D        | Found a bloodstained altar of Trog.
   177 | D        | Found a blossoming altar of Fedhas.
   177 | D        | Found a sparkling altar of Nemelex Xobeh.
   177 | D        | Found a snail-covered altar of Cheibriados.
   178 | D        | Found a shadowy altar of Dithmenos.
   178 | D        | Found a stormy altar of Qazlal.
   178 | D        | Found an opulent altar of Gozag.
   178 | D        | Found a radiant altar of Vehumet.
   182 | D        | Found a deep blue altar of Sif Muna.
   182 | D        | Found a sacrificial altar of Ru.
   183 | D        | Found a basalt altar of Yredelemnul.
   183 | D        | Found an iron altar of Okawaru.
   183 | D        | Found an oddly glowing altar of Pakellas.
   183 | D        | Found a glowing silver altar of Zin.
   193 | D        | Fell from the grace of Trog
   193 | D        | Became a worshipper of Jiyva Jynnoy the Shapeless
   209 | D        | Noticed a flying skull
   209 | D        | Noticed a flying skull
   217 | D        | Noticed an obsidian statue
   222 | D        | Noticed a polar bear
   228 | D        | Noticed a yaktaur
   229 | D        | Noticed a polar bear
   229 | D        | Noticed a polar bear
   245 | D        | Killed a polar bear
   245 | D        | Reached XP level 8. HP: 36/82 MP: 8/8
   260 | D        | HP: 3/82 [polar bear (3)]
   261 | D        | Killed a polar bear
   261 | D        | Reached skill level 10 in Dodging
   264 | D        | Shot with a bolt by a yaktaur

Skill      XL: |  1  2  3  4  5  6  7  8 |
---------------+-------------------------+-----
Fighting       | 9 10 11 | 11.8
Long Blades    | 8 9 11 | 11.2
Dodging        | 7 8 9 10 | 10.4

Action                   |  1- 3 |  4- 6 |  7- 9 || total
-------------------------+-------+-------+-------++-------
Melee: Falchion          |    20 |    15 |    42 ||    77
       Tailslap          |     4 |     2 |     7 ||    13
Invok: Berserk           |       |     1 |       ||     1
 Abil: Breathe Steam     |       |       |     3 ||     3
  Use: Potion            |     1 |       |     4 ||     5
       Scroll            |       |       |     1 ||     1
Armor: Skin              |       |     1 |    17 ||    18
Dodge: Dodged            |       |     5 |    63 ||    68
